[Event "European Women-ch 2023"]
[Site "Petrovac"]
[Date "2023.03.27"]
[Round "9.6"]
[White "Zhukova, Natalia"]
[Black "Chelushkina, Irina"]
[Result "1/2-1/2"]
[ECO "D30"]
[WhiteElo "2322"]
[BlackElo "2207"]
[Annotator "TA"]
[PlyCount "131"]
[EventDate "2023.03.15"]
[EventType "swiss"]
[EventCountry "MNE"]
[SourceTitle "playchess.com"]
[Source "ChessBase"]
[SourceQuality "1"]
[TimeControl "40/5400+30:1800+30"]

1. Nf3 Nf6 2. c4 e6 3. d4 d5 4. Bg5 a6 5. e3 h6 6. Bh4 {[%emt 0:00:29] [#] D30: Queen's Gambit Declined: Systems without Nc3.} g5 $146 ({Predecessor:} 6... Be7 7. Nc3 dxc4 8. Bxc4 b5 9. Bd3 Bb7 10. Bxf6 gxf6 11. Be4 Bxe4 12. Nxe4 f5 {0-1 Bukavshin,I (2517)-Socko,B (2636) Moscow op-A 2012 (5)}) 7. Bg3 Ne4 8. Nfd2 {[%emt 0:13:19] aiming for Nxe4. White is slightly better.} Nxg3 9. hxg3 Bg7 10. Nc3 Nc6 11. Be2 Ne7 12. Bf3 c6 13. Qb3 b5 14. cxd5 exd5 15. g4 Be6 16. Nf1 (16. Qd1 $11) 16... Qd7 17. Qd1 O-O (17... Rc8 $5 ) 18. Ng3 f5 19. gxf5 Nxf5 20. Nxf5 Bxf5 21. Bh5 Qe7 22. O-O Rad8 23. a4 Rd6 ({Better is} 23... b4 $11 24. Ne2 c5) 24. axb5 axb5 25. Bg4 Bxg4 26. Qxg4 h5 27. Qxh5 Rh6 28. Qg4 Rh4 29. Qg3 Qf6 (29... Bf6 $11) 30. Ra7 (30. Ne2 $1 $14) 30... Qh6 $1 $17 31. f3 g4 $1 $40 {[%emt 0:02:17][%mdl 128] Black mounts an attack.} 32. f4 $2 {[%emt 0:00:31][%mdl 8192] [#]} (32. fxg4 $2 Rh1#) (32. Rxg7+ $15 Kxg7 33. Kf2) 32... Bxd4 $1 $19 33. exd4 {[%emt 0:01:06] Ne2 would be deadly.} (33. Ra8 Bxe3+) 33... Rh1+ 34. Kf2 Qxf4+ 35. Qxf4 Rxf4+ 36. Kg3 Rhxf1 {[%emt 0:00:36][%mdl 4096] Endgame KRR-KRN} 37. Rc7 b4 38. Na4 Rxd4 39. Rxc6 Re1 40. Nb6 Re3+ 41. Kh4 g3+ 42. Kh3 Rd1 43. Rd6 d4 44. Nd5 Rh1+ (44... Rb3 $142 45. Rd7 Kf8) 45. Kg4 {[%emt 0:00:06] [#]} Kf7 $2 46. Nxe3 $11 dxe3 {[%emt 0:02:05] KR-KR} 47. Kf3 Rb1 48. Rd3 e2 {[%emt 0:03:45][%mdl 64] Decoy} 49. Kxe2 Rxb2+ 50. Kf3 Ra2 51. Rd7+ Ke6 52. Rb7 Ra3+ 53. Ke4 Rb3 54. Rb6+ Kd7 55. Kf4 Kc7 56. Rb5 Kc6 57. Rb8 Kc5 58. Rc8+ Kd4 59. Rb8 Kc4 60. Rc8+ Kd3 {[%emt 0:02:15] ...Rc3 is the strong threat.} 61. Kxg3 Rc3 62. Rb8 {[%emt 0:01:06][%mdl 8192] [#]} (62. Rd8+ $11 Kc2+ 63. Kf4) 62... b3 $2 (62... Rc4 $1 $19 {( -> ...Kc2)} 63. Kf3 Kc2) 63. Kf4 {[%emt 0:00:34] The position is equal.} Rc4+ 64. Kf5 Rc5+ 65. Kf6 Rc6+ (65... Kc4 $5 66. Rxb3 Kxb3 $11) 66. Kf5 {[%emt 0:00:05] Weighted Error Value: White=0.60/Black=0.24 (precise)} 1/2-1/2

[Event "European Women-ch 2023"]
[Site "Petrovac"]
[Date "2023.03.27"]
[Round "9.6"]
[White "Lomaia, Diana"]
[Black "Tsirulnik, Maritsa"]
[Result "1-0"]
[ECO "E21"]
[WhiteElo "1950"]
[BlackElo "2121"]
[Annotator "TA"]
[PlyCount "47"]
[EventDate "2023.03.15"]
[EventType "swiss"]
[EventCountry "MNE"]
[SourceTitle "playchess.com"]
[Source "ChessBase"]
[SourceQuality "1"]
[TimeControl "40/5400+30:1800+30"]

1. d4 Nf6 2. c4 e6 3. Nc3 Bb4 4. Nf3 b6 5. Qb3 c5 6. dxc5 bxc5 7. g3 {[%emt 0:00:37] E21: Nimzo-Indian: 4 Nf3.} Nc6 8. Bg2 Ba6 (8... O-O $5 ) 9. O-O {[%emt 0:09:34] White is slightly better.} O-O 10. Na4 {[%emt 0:14:11] [#] aiming for a3.} (10. Bf4 $5) 10... Na5 $146 (10... d5 $11) ({Predecessor:} 10... d5 11. a3 Bxc4 12. Qc2 Ba5 13. b3 Bb5 14. Nxc5 Rc8 15. Bb2 Bb6 16. b4 Re8 {1-0 Litynska,M (2340)-Zatonskih,A (2340) ROM-chT Sovata 1998 (1)}) 11. Qc2 $16 Bxc4 {[%emt 0:23:42] [#]} 12. Ne5 $1 d5 13. b3 {[%emt 0:05:56] White is more active.} Qb8 $2 {[%emt 0:04:08] This costs Black the game.} (13... Ba6 $16 {was called for.}) 14. Bf4 (14. Nxc4 $142 Nc6 15. a3) 14... Ba6 $18 15. a3 ({Worse is} 15. Nxc5 Qb5 16. Nxa6 Qxa6 $14) 15... Rc8 $2 (15... g5 $2 16. Nd7 $18 (16. axb4 gxf4 17. Nxc5 Qxe5 $16) (16. axb4 gxf4 17. Nxc5 Qxe5 $16)) (15... Bd2) 16. axb4 cxb4 17. Qb2 ({Weaker is} 17. Nc5 Qb5 18. Ned3 Ne4 $18) 17... Nh5 $2 {[%emt 0:01:40] [#]} (17... Qb7 {keeps fighting.} 18. Rfc1 Qe7) 18. Nc6 $1 {[%emt 0:01:35][%mdl 576] Discovered Attack. White is clearly winning.} Qb5 (18... Nxf4 19. Nxb8) 19. Ne7+ Kf8 20. Nxc8 Nxf4 21. gxf4 {[%emt 0:00:18] And now Nd6 would win.} Rxc8 22. Bf3 Rd8 (22... Qb8 $142 23. f5 Qd6 24. fxe6 fxe6) 23. Rfc1 {[%emt 0:01:09] Rc5 would be deadly.} Qb8 24. Nc5 {[%emt 0:00:31][%csl LRa5,LRa6] Weighted Error Value: White=0.36/Black=0.92} 1-0

[Event "European Women-ch 2023"]
[Site "Petrovac"]
[Date "2023.03.27"]
[Round "9.7"]
[White "Mammadzada, Gunay"]
[Black "Zaksaite, Salomeja"]
[Result "1-0"]
[ECO "B33"]
[WhiteElo "2472"]
[BlackElo "2187"]
[Annotator "TA"]
[PlyCount "97"]
[EventDate "2023.03.15"]
[EventType "swiss"]
[EventCountry "MNE"]
[SourceTitle "playchess.com"]
[Source "ChessBase"]
[SourceQuality "1"]
[TimeControl "40/5400+30:1800+30"]

1. e4 c5 2. Nf3 Nc6 3. d4 cxd4 4. Nxd4 Nf6 5. Nc3 e5 6. Ndb5 d6 7. Bg5 a6 8. Na3 b5 9. Nd5 Be7 10. Bxf6 Bxf6 11. c3 Rb8 12. Nc2 Bg5 13. a3 O-O {[%emt 0:00:53] [#] B33: Sicilian: Pelikan and Sveshnikov Variations.} 14. h4 $1 Bh6 15. g4 Bf4 {[%emt 0:00:05] The position is equal.} 16. Qf3 Be6 {[%emt 0:00:05] 16...a5 gains popularity.} 17. Nxf4 {[%emt 0:01:33] A dynamic duo of knights.} Qf6 {[%emt 0:11:57][%mdl 64] Pin} 18. g5 Qxf4 19. Qxf4 exf4 20. Nb4 Rb6 {[%emt 0:40:24] [#]} 21. Nd3 $146 ({Predecessor:} 21. Nxc6 Rxc6 22. Rd1 Re8 23. Rd4 h6 24. Kd2 Kf8 25. gxh6 gxh6 26. Be2 Ke7 27. h5 {1-0 Piorun,K (2640)-Mamedov,R (2656) Wch Rapid Warsaw 2021 (13)}) 21... d5 22. Bg2 d4 23. Nxf4 dxc3 24. bxc3 Ne5 25. O-O Rc6 26. Ne2 Bc4 27. Nd4 Bxf1 (27... Rc7 $11 28. Rfe1 Ng6) 28. Nxc6 $16 Bxg2 29. Ne7+ (29. Nxe5 $6 Bxe4 30. Re1 Bf5 $11) 29... Kh8 30. Kxg2 {[%emt 0:00:04][%mdl 4096] Endgame KRN-KRN} Ng6 31. Nf5 Rc8 32. Rd1 (32. a4 $18) 32... h6 33. gxh6 gxh6 {[%emt 0:00:08] [#]} 34. Rd6 ({Reject} 34. Nxh6 $6 Rxc3 35. Nxf7+ Kg7 $11) ({Better is} 34. h5 $1 $16 Nf4+ 35. Kf3) 34... Rxc3 35. Rxa6 h5 36. Ra7 (36. f3 $16) 36... Rd3 37. Rxf7 {[%emt 0:02:47] And now f3 would win.} Rxa3 38. Rb7 Nf4+ 39. Kh2 Nd3 40. Rb8+ ({Don't do} 40. Rxb5 $6 Nxf2 41. Nd6 Ra4 $16) 40... Kh7 41. Rb7+ ({Don't take} 41. Rxb5 $6 Nxf2 42. Nd6 Kh6 $16) 41... Kh8 42. Rxb5 {[%emt 0:03:39] Strongly threatening f3.} Nxf2 43. Nd6 Ng4+ (43... Ra4 $1 $11 {keeps the balance.}) 44. Kg2 {[%emt 0:00:07] White is more active.} Nf6 {[%emt 0:00:12][%mdl 8192] This move loses the game for Black.} (44... Ne3+ $16 45. Kf2 Ng4+ 46. Kg2 Ne3+ 47. Kg1 Kg7 48. Rxh5 Kf6) 45. e5 $18 {[%emt 0:01:31][%cal Be4e5,Be5e6][%mdl 32] White is clearly winning.} Ng8 {[%emt 0:03:43] [#]} 46. e6 $1 Re3 (46... Ra7 $142 47. Rxh5+ Kg7 48. Rg5+ Kf8 49. Rf5+ Kg7) 47. Rxh5+ Kg7 48. Nf5+ Kg6 49. Rg5+ {[%emt 0:00:01] Weighted Error Value: White=0.12 (very precise) /Black=0.35} 1-0

[Event "European Women-ch 2023"]
[Site "Petrovac"]
[Date "2023.03.27"]
[Round "9.7"]
[White "Danielian, Elina"]
[Black "Bivol, Alina"]
[Result "1/2-1/2"]
[ECO "D35"]
[WhiteElo "2431"]
[BlackElo "2365"]
[Annotator "TA"]
[PlyCount "223"]
[EventDate "2023.03.15"]
[EventType "swiss"]
[EventCountry "MNE"]
[SourceTitle "playchess.com"]
[Source "ChessBase"]
[SourceQuality "1"]
[TimeControl "40/5400+30:1800+30"]

1. d4 d5 2. c4 e6 3. Nc3 Nf6 4. cxd5 exd5 5. Bg5 Be7 6. e3 O-O 7. Bd3 c6 8. Nge2 h6 9. Bh4 Ne8 10. Bg3 Nd6 11. Qc2 Nd7 12. O-O Nf6 13. f3 Nh5 14. Bf2 (14. Be5 {seems wilder.} Nc4 15. Bxc4 dxc4 16. Rad1) 14... f5 $1 15. Rae1 Bd7 16. e4 (16. Na4 {simplifies} b6 17. Ng3 Nxg3 18. Bxg3 Be6 19. b3) 16... fxe4 17. fxe4 dxe4 18. Qb3+ Kh8 19. Nxe4 Nxe4 20. Bxe4 Bd6 21. Bf3 Nf6 22. Bg3 Bxg3 23. Nxg3 Bg4 24. Qxb7 Qxd4+ 25. Kh1 Rab8 26. Qxc6 Rfc8 27. Qa6 Rc2 28. b3 Rbc8 29. h3 (29. Bxg4 $14 Nxg4 30. h3) 29... Bd7 (29... Bxh3 $11 {keeps the balance.} 30. Ne4 (30. gxh3 Qh4 $15) 30... Nxe4 31. Bxe4 (31. gxh3 $2 Ng3#) 31... Bxg2+ 32. Bxg2 Qg4) 30. Re2 (30. Ne4 $1 $16 ) 30... Rc1 (30... R2c5 $1 $11) 31. Qa5 $1 $14 R1c3 32. Qe5 (32. Ne4 {is more complex.} Rc1 33. Rxc1 Rxc1+ 34. Kh2) 32... Qb4 33. Qe7 (33. Rd1 $16) 33... a5 (33... Qf4 $11 34. Qe5 Qxe5 35. Rxe5 Kg8) 34. Qxb4 $16 (34. Rd1 {with more complications.} Qb8 35. Ne4 Rd3 36. Rde1) 34... axb4 35. Rd2 Bc6 36. Bxc6 R8xc6 37. Kh2 Ra6 38. Rf4 Rxg3 (38... Rb6 $16 {might work better.}) 39. Kxg3 $18 ({Not} 39. Rd8+ Kh7 40. Kxg3 Nh5+ 41. Kg4 Nxf4 42. Kxf4 Rxa2 $11) 39... Nh5+ 40. Kf3 Nxf4 41. Kxf4 Re6 42. Kf3 Kh7 43. Re2 Rd6 44. Ke3 Kg6 45. Rc2 Kf6 46. Rc4 Ra6 47. Rxb4 Rxa2 48. Rf4+ Ke5 49. Rf2 $1 Ra3 50. Rb2 Kd5 51. Kd3 Kc5 52. Kc3 Ra1 53. Rf2 Rc1+ 54. Kd3 Kb4 (54... Rb1 $16 {was necessary.}) 55. Rf7 $18 Rc3+ 56. Ke2 $1 g5 (56... Rg3 {is a better defense.}) 57. Rb7+ Ka5 58. Rh7 Rc6 59. Kf3 Kb4 $2 (59... Re6 60. Rb7 Ka6) 60. Kg4 $18 Rc2 61. g3 ({Less strong is} 61. Rxh6 Rxg2+ 62. Kf3 Rb2 $14) 61... Rc6 62. Rb7+ Ka5 63. Rb8 Rd6 64. Rg8 Kb4 65. Rb8+ $2 (65. h4 $18) 65... Kc5 $2 (65... Ka5 $1 $11 {and Black is okay.}) 66. Re8 $2 (66. Rc8+ $18 {is more deadly.} Kb6 67. Rh8) 66... Rd4+ $16 67. Kf3 Rb4 68. Re3 $1 Kd5 69. g4 Rf4+ 70. Kg3 (70. Ke2 $16) 70... Rb4 (70... Rf1 $11 {remains equal.}) 71. Rf3 Ke4 72. Kf2 Rb6 73. Ke2 h5 $2 (73... Ra6 $14 74. Re3+ Kd4) 74. gxh5 $18 Rh6 {[%emt 0:00:03] [#]} 75. Rd3 $2 ({White has to play} 75. Re3+ $1 $18 Kd4 76. Rg3 Rxh5 77. Kf3) 75... Rxh5 $14 76. Kd2 Rh8 77. Rg3 Kf4 78. Rd3 Rb8 79. Kc2 Rc8+ 80. Kb2 Rb8 81. Rc3 Rb7 82. Rc4+ Kg3 $2 {[%emt 0:00:59][%mdl 8192] [#]} (82... Kf5 $16) 83. Rg4+ $1 $18 Kxh3 84. Rxg5 Kh4 85. Rg8 Kh5 86. Kc3 Rc7+ 87. Kd4 Rb7 88. Rg3 Rb8 89. Kc5 Rc8+ 90. Kb6 Rb8+ 91. Kc7 Rb4 92. Kc6 Rb8 93. Kd5 Rd8+ 94. Kc4 Rc8+ 95. Kd3 Rb8 96. Kc2 Rc8+ 97. Rc3 Rb8 98. Rc4 Kg6 99. b4 $2 (99. Rf4 $18 Kg5 100. Rf2) 99... Kf6 100. Kb3 Ke6 $1 101. Rd4 (101. Ka4 $5 Kd5 $8 102. Rg4 $11) 101... Ke5 102. Kc3 (102. Rd7 $5 Ke6 $8 103. Rd4 $11) 102... Rc8+ 103. Rc4 Rb8 104. Rc5+ (104. Rc6 $5 Kd5 $8 105. Rf6 $11) 104... Kd6 105. Kc4 Rh8 106. Rg5 (106. Kb5 $5 Rb8+ $8 107. Kc4 $11) 106... Kc6 107. Rg6+ Kb7 108. Kb5 Rh5+ 109. Ka4 Rf5 110. Rh6 Rg5 111. b5 Rg1 112. Kb4 1/2-1/2

[Event "European Women-ch 2023"]
[Site "Petrovac"]
[Date "2023.03.27"]
[Round "9.7"]
[White "Hajiyeva, Laman"]
[Black "Ter-Avetisjana, Agnesa Stepania"]
[Result "1/2-1/2"]
[ECO "B31"]
[WhiteElo "2118"]
[BlackElo "1974"]
[Annotator "TA"]
[PlyCount "57"]
[EventDate "2023.03.15"]
[EventType "swiss"]
[EventCountry "MNE"]
[SourceTitle "playchess.com"]
[Source "ChessBase"]
[SourceQuality "1"]
[TimeControl "40/5400+30:1800+30"]

1. e4 c5 2. Nf3 Nc6 3. Bb5 g6 4. Bxc6 dxc6 5. d3 Bg7 6. h3 Nf6 7. Nc3 O-O 8. O-O Qc7 9. Be3 b6 10. Qd2 e5 11. Bh6 Re8 12. Bxg7 Kxg7 13. b3 {[%emt 0:11:51] [#] B31: Sicilian: 2...Nc6 3 Bb5 g6.} Nh5 $146 ({Predecessor:} 13... h6 14. Ne2 Be6 15. Qc3 Nd7 16. Nh2 Kh7 17. f4 exf4 18. Nxf4 Qe5 19. Qd2 Qd4+ 20. Kh1 Ne5 {1-0 Kovalevskaya,E (2437)-Troyke,D (2105) BL 1617 (Women) 2016 (7.2)}) 14. Ne2 h6 15. Kh1 {[%emt 0:17:43] White is slightly better.} Be6 16. Qc3 f6 17. Kh2 Nf4 18. Neg1 g5 19. g3 (19. Qe1 $11) 19... Ng6 $15 {[%emt 0:00:02] Black is slightly better.} 20. Ne1 h5 21. Ng2 h4 22. g4 Qd6 23. Nf3 Red8 (23... Kf7 {is interesting.} 24. Rfe1 a5 25. Ne3 Ke7) 24. Rae1 a5 25. Ne3 Kh7 26. Nf5 Qc7 27. a4 Nf4 28. Rg1 Rd7 29. Re3 {[%emt 0:00:16] Weighted Error Value: White=0.10 (very precise) /Black=0.06 (flawless)} 1/2-1/2

[Event "European Women-ch 2023"]
[Site "Petrovac"]
[Date "2023.03.27"]
[Round "9.8"]
[White "Wagner, Dinara"]
[Black "Tsolakidou, Stavroula"]
[Result "0-1"]
[ECO "E94"]
[WhiteElo "2411"]
[BlackElo "2358"]
[Annotator "TA"]
[PlyCount "116"]
[EventDate "2023.03.15"]
[EventType "swiss"]
[EventCountry "MNE"]
[SourceTitle "playchess.com"]
[Source "ChessBase"]
[SourceQuality "1"]
[TimeControl "40/5400+30:1800+30"]

1. d4 Nf6 2. c4 g6 3. Nc3 Bg7 4. e4 d6 5. Nf3 O-O 6. Be3 e5 7. dxe5 dxe5 8. Qc2 Nbd7 9. Rd1 Re8 10. Be2 c6 11. O-O Qe7 12. a3 {[%emt 0:05:13] E94: King's Indian: Classical: 6 Be2 e5 7 0-0: Various Black 7th moves.} Nh5 13. g3 Nf8 14. Rfe1 {[%emt 0:11:22] The position is equal.} Bg4 {[%emt 0:02:57] [#]} 15. Kg2 $146 ({Predecessor:} 15. Ng5 Bxe2 16. Rxe2 Ne6 17. Nf3 Qf6 18. Kg2 g5 19. Red2 Nhf4+ 20. Bxf4 gxf4 21. Ne2 {½-½ Hoehne,E (2085)-Barth,H (1948) GER MS-117 email 2010}) 15... Ne6 16. h3 Bxf3+ 17. Bxf3 Nf6 18. b4 h5 19. Na4 Nd7 {[%emt 0:02:16] Dodges Nc5} 20. Nc3 Rad8 21. c5 Nd4 22. Qa2 h4 23. Be2 Nf8 {[%emt 0:15:13] Excellent horsemanship.} 24. Bc4 Nfe6 25. Bxd4 exd4 26. Ne2 hxg3 (26... Ng5 $5 27. Nf4 Qf6 $11) 27. fxg3 Qg5 28. Ng1 Be5 29. Qf2 Nf4+ 30. Kh2 {[%emt 0:00:55] [#]} (30. Kf1 $11 {remains equal.} Ne6 31. Kg2) 30... Nh5 $1 $17 (30... Ne6 31. Rf1 Rd7 32. Ne2 $11) 31. Rd3 (31. Bxf7+ $2 Kg7 32. Rd3 Rf8 $19) ({Better is} 31. Ne2 Re7 32. Qf3) 31... Re7 (31... Qxg3+ $142 32. Rxg3 Bxg3+ 33. Qxg3 Nxg3 34. Kxg3 d3) 32. Ne2 Kg7 33. Rf1 Nf6 {[%emt 0:00:41] Chess con chili.} 34. Qf3 (34. Qg2 $17) 34... Rh8 $19 35. Kg2 {[%emt 0:00:37] [#]} (35. Nf4 {keeps fighting.}) 35... Rh4 $1 ({Weaker is} 35... Qh6 36. h4 $11) 36. Nxd4 Rxe4 (36... Nxe4 37. Qxf7+ Rxf7 38. Ne6+ Kh6 39. Nxg5 Rxf1 40. gxh4 Rf2+ 41. Kh1 Nxg5 42. hxg5+ Kxg5 43. Kg1 $11) 37. Qf2 (37. Rfd1) 37... Bxd4 $2 (37... Qh5 $19 38. Qg1 Re8) 38. Rxd4 $15 Rxd4 39. Qxd4 Re4 $1 {[%emt 0:00:16][%cal Be7e4,Be4d4,Bd4d2,Bd2d8,Bd8h8,Bh8e8,Be8e3][%mdl 32] Repels Rf4} 40. h4 $2 {[%emt 0:00:00] Now White is beyond hope.} (40. Qd3 $1 $15) 40... Qxg3+ $19 ({And not} 40... Rxd4 41. hxg5 Nd5 42. Bxd5 Rxd5 43. Re1 $15) 41. Kxg3 Rxd4 {[%emt 0:00:57][%mdl 4096] Endgame KRB-KRN} 42. Be2 Ne4+ 43. Kh3 Rd2 44. Bc4 f5 45. Be6 Rd8 {[%emt 0:02:38] Dodges Bc8} 46. Rc1 Rh8 {[%emt 0:07:47] ...Ng5+ is the strong threat.} ({Wrong is} 46... Rd3+ $2 47. Kg2 $19) 47. Bd7 Nf6 48. Be6 Re8 49. Bc4 Re3+ 50. Kg2 Rxa3 51. Re1 Ng4 {[%emt 0:03:17] Strongly threatening ...Ne3+. Black is clearly winning.} 52. Be6 Re3 53. Rxe3 (53. Kf1 $142 Rf3+ 54. Kg1) 53... Nxe3+ {[%emt 0:00:06] KB-KN} 54. Kf2 Nc2 55. b5 cxb5 {[%emt 0:04:29] ...a5 would be deadly.} 56. Bd5 Nb4 57. Bxb7 Nd3+ 58. Ke3 Nxc5 {[%emt 0:00:05] Weighted Error Value: White=0.58/Black=0.12 (very precise)} 0-1

[Event "European Women-ch 2023"]
[Site "Petrovac"]
[Date "2023.03.27"]
[Round "9.8"]
[White "Olde, Margareth"]
[Black "Badelka, Olga"]
[Result "1/2-1/2"]
[ECO "E06"]
[WhiteElo "2234"]
[BlackElo "2428"]
[Annotator "TA"]
[PlyCount "120"]
[EventDate "2023.03.15"]
[EventType "swiss"]
[EventCountry "MNE"]
[SourceTitle "playchess.com"]
[Source "ChessBase"]
[SourceQuality "1"]
[TimeControl "40/5400+30:1800+30"]

1. d4 Nf6 2. c4 e6 3. Nf3 d5 4. g3 Be7 5. Bg2 O-O 6. Nc3 c6 7. O-O a5 {[%emt 0:00:05] E06: Closed Catalan: Early deviations.} 8. b3 {[%emt 0:02:01] The main line 8.b3 scores better than 8.Nd2.} b6 9. Ne5 Nfd7 10. Nxd7 Nxd7 11. cxd5 cxd5 12. a4 Ba6 13. Nb5 {[%emt 0:12:16] [#]} Rc8 $146 ({Predecessor:} 13... Nf6 14. Bf4 Rc8 15. Rc1 Qd7 16. Qd3 Ba3 17. Ra1 Bb4 18. Rfc1 h6 19. f3 Rfd8 20. Rxc8 Rxc8 {0-1 Fus,J (2378)-Neugebauer,M (2505) Przeworsk 2022 (7)}) 14. Qd3 Bb4 15. Bd2 (15. Bf4 $5) 15... Bxb5 16. axb5 Bxd2 17. Qxd2 Nf6 18. Rfc1 Qd7 19. Qd3 Rxc1+ 20. Rxc1 Rc8 {[%emt 0:00:04] Repels Rc6} 21. Rxc8+ Qxc8 $15 {[%emt 0:00:02][%mdl 4096] Endgame KQB-KQN} 22. f3 ({White should play} 22. Bf3 $15) 22... Qc1+ 23. Bf1 g5 24. Kf2 h6 25. Qe3 Qc7 (25... Qc2 $17) 26. Ke1 (26. Qd2 $15) 26... Kf8 27. Kd2 (27. Kf2 $142) 27... Ke7 (27... Qd6 $142 28. Qc3 g4) 28. Qd3 h5 ({Black should try} 28... Qd6 $17 29. Qc3 h5) 29. e4 dxe4 30. fxe4 Qd6 (30... e5 $1 $15) 31. Be2 (31. e5 $11 {was the only way to keep the balance.} Qb4+ 32. Kc2) 31... Qb4+ $17 32. Kd1 {[%emt 0:08:25] [#]} e5 33. dxe5 $15 Nxe4 {[%emt 0:00:04] ...Nf2+ would be deadly.} 34. Qe3 {[%emt 0:01:57] Wards off Nf2+. And now Bc4 would win.} a4 $2 (34... Nc3+ $1 $17 {stays on course.} 35. Kc2 Nxe2 36. Qxe2 Qc5+ 37. Kb2 Ke6 38. Qxh5 Qxe5+ 39. Ka2 Qxb5) 35. Bc4 $18 Nc3+ {[%emt 0:00:05] [#]} 36. Kc1 $1 Qa3+ $2 {[%emt 0:00:15] [#]} (36... Nxb5 $2 37. Qxg5+ Ke8 38. Qg8+ (38. Qxh5 Qe1+ 39. Qd1 Qc3+ 40. Qc2 Qe1+ 41. Qd1 Qc3+ 42. Qc2 Qe1+ 43. Qd1 $11) 38... Ke7 39. Qxf7+ (39. Bxf7 $2 {loses.} Qe1+ 40. Kc2 Qf2+ 41. Kd3 Qf3+ 42. Kd2 Qxf7 $19) 39... Kd8 40. Qd5+ (40. Qxh5 Qc3+ 41. Kd1 Qd4+ 42. Ke2 Nc3+ 43. Kf1 b5 $11) 40... Kc7 41. Bxb5 $18) (36... axb3 37. Qxg5+ Ke8 38. Qg8+ Qf8 39. Bxf7+ Ke7) 37. Kc2 $2 (37. Kd2 $1 $18 ) 37... axb3+ $1 $11 {[%emt 0:00:05] The position is equal.} 38. Bxb3 (38. Kxc3 $2 b2+ 39. Bb3 b1=Q $19) 38... Nd5 $1 39. Qxg5+ (39. Bxd5 $2 {is the wrong capture.} Qxe3 40. Bb7 Qe2+ 41. Kc1 Qxh2 $19) (39. Qf3 $5 Qc5+ $8 40. Kb2 Qd4+ 41. Kb1 Qe4+ {[%mdl 64] Decoy} 42. Qxe4 Nc3+ 43. Kc2 Nxe4 44. Bd5 $11) 39... Ke8 $132 {[%emt 0:00:04][%mdl 2048] Black is not keeping still} 40. Qg8+ (40. Bxd5 $5 Qc5+ $8 41. Kd1 Qxd5+ 42. Ke1 $11) 40... Ke7 $1 {[%emt 0:00:00] Threatens to win with ...Nb4+.} 41. Qg5+ Ke8 42. Bxd5 {[%emt 0:06:45] Qg8+ would kill now.} (42. Qd2 {simplifies} Qc5+ 43. Kb2 Nc7 44. Qc3) 42... Qc5+ 43. Kb2 {[%emt 0:00:15] Qg8+ is the strong threat.} Qxd5 44. Qxh5 Qxb5+ {[%emt 0:00:28] KQ-KQ} 45. Kc2 Qc4+ 46. Kd2 Qd4+ 47. Ke1 Qg1+ 48. Ke2 Qg2+ 49. Ke3 Qg1+ 50. Kd3 Qf1+ 51. Qe2 Qb1+ 52. Kc3 Ke7 53. Qf2 Qa1+ 54. Kb3 Qxe5 55. Qxb6 Qd5+ 56. Kc3 Qf3+ 57. Kb4 Qg4+ 58. Ka3 {[%emt 0:00:19] Strongly threatening Qb4+.} Qf3+ 59. Qb3 Qa8+ 60. Kb2 Qh8+ {[%emt 0:00:08] Weighted Error Value: White=0.19 (very precise) /Black=0.29 (precise)} 1/2-1/2

[Event "European Women-ch 2023"]
[Site "Petrovac"]
[Date "2023.03.27"]
[Round "9.8"]
[White "Silva, Mariana Sofia T."]
[Black "Paasikangas, Johanna"]
[Result "0-1"]
[ECO "E64"]
[WhiteElo "1920"]
[BlackElo "2115"]
[Annotator "TA"]
[PlyCount "116"]
[EventDate "2023.03.15"]
[EventType "swiss"]
[EventCountry "MNE"]
[SourceTitle "playchess.com"]
[Source "ChessBase"]
[SourceQuality "1"]
[TimeControl "40/5400+30:1800+30"]

1. d4 Nf6 2. c4 g6 3. g3 Bg7 4. Bg2 O-O 5. Nc3 d6 6. Nf3 c5 7. dxc5 dxc5 8. Qxd8 Rxd8 9. Bf4 {[%emt 0:00:16] E64: King's Indian: Fianchetto: 6...c5 7 d5.} Nc6 {[%emt 0:03:48] [#]} 10. Rc1 $146 ({Predecessor:} 10. Ne5 Na5 11. Rc1 Be6 12. Na4 Rac8 13. Bd2 Nxc4 14. Nxc4 Bxc4 15. Bxb7 Bd5 16. Bxc8 Bxh1 {1-0 Stefansson,V (2465)-Collins,S (2456) Dublin Irish New Year GM 2022 (1)}) 10... Be6 11. Nb5 {[%emt 0:08:14] The position is equal.} Nh5 {[%emt 0:04:25] ...Nxf4 is the strong threat.} 12. b3 (12. Be3 $15) 12... Nxf4 $17 13. gxf4 Rac8 {[%emt 0:06:51] Prevents Nc7} 14. O-O a6 15. Nc3 Rc7 {[%emt 0:03:40] Black is more active.} 16. Ng5 {[%emt 0:07:14] [#]} Bg4 {[%emt 0:10:31] This pair of bishops is nice.} (16... Bxc3 $1 $17 17. Nxe6 fxe6 18. Rxc3 Rd2) 17. e3 {[%emt 0:05:10] Wards off Nd4} ({White should try} 17. Nge4 $11) 17... Bxc3 $15 18. Rxc3 Bf5 19. a3 {[%emt 0:07:19] Against Nb4} h6 20. Ne4 b6 21. Ng3 Bg4 22. h3 Be6 23. Rfc1 (23. Rb1 $11) 23... Rd2 24. R3c2 {[%emt 0:06:34] Against Ra2} Rxc2 25. Rxc2 Na5 26. Rc3 {[%emt 0:01:02] Black keeps a firm grip on the game.} Rd7 27. Nf1 (27. Bf3 $17 {was necessary.}) 27... Rd1 $19 28. Kh2 Ra1 29. a4 Ra2 30. Rd3 Rxf2 31. Kg3 (31. Nd2 $17) 31... Rb2 32. Nd2 Kg7 33. Bd5 Bf5 34. e4 Bc8 35. h4 h5 36. Kf3 (36. f5 {is a better defense.}) 36... Bg4+ 37. Ke3 Bd1 38. f5 Bxb3 (38... Nxb3 39. fxg6 fxg6 40. Nxb3 Rxb3 41. Bc6 $19) 39. fxg6 fxg6 ({Weaker is} 39... Bxa4 40. Bxf7 Ra2 41. Nf3 $15) 40. e5 (40. Kf4 $142) 40... Bxa4 41. Nf3 Bc2 42. Rd2 Rb3+ 43. Kf4 Bf5 44. Ng5 Rd3 45. Ne6+ Kh6 46. Rb2 Bxe6 47. Bxe6 {[%emt 0:00:04][%mdl 4096] Endgame KRB-KRN} Rd4+ 48. Kf3 (48. Kg3 $142) 48... Nxc4 {[%emt 0:01:03] Black is clearly winning.} 49. Bxc4 Rxc4 50. Rxb6 {[%emt 0:00:07] KR-KR} Kg7 51. Rxa6 Rxh4 52. Rc6 c4 53. Rc7 Kf7 54. Rc6 Rg4 55. Ke3 {[%emt 0:01:05] [#]} c3 $1 56. Kf3 (56. e6+ Kf6) 56... g5 {[%emt 0:01:45] Strongly threatening ...Rb4.} 57. Rxc3 Ke6 58. Rc5 Rf4+ {[%emt 0:00:09] Weighted Error Value: White=0.60/Black=0.11 (very precise)} 0-1